 Dungeon Crawl Stone Soup version 0.27-a0-909-g0721f309d1 (webtiles) character file.

Game seed: 4102294173680021425

63 kae the Ruffian (level 3, -3/28 HPs)
             Began as a Demonspawn Gladiator on Apr 8, 2021.
             Slain by a gnoll
             ... wielding a +0 spear
              (6 damage)
             ... on level 2 of the Dungeon.
             The game lasted 00:00:57 (1880 turns).

kae the Ruffian (Demonspawn Gladiator)              Turns: 1880, Time: 00:00:58

Health: -3/28      AC:  4    Str: 15    XL:     3   Next: 87%
Magic:  3/3        EV: 12    Int:  9    God:
Gold:   37         SH:  0    Dex: 14    Spells: 2/2 levels left

rFire    . . .     SeeInvis .     - Unarmed
rCold    . . .     Faith    .   (no shield)
rNeg     . . .     Spirit   .   a - +0 leather armour
rPois    .         Reflect  .   b - +0 helmet
rElec    .         Harm     .   (no cloak)
rCorr    .         Rampage  .   (no gloves)
Will     .....                  (no boots)
Stlth    +.........             i - amulet of magic regeneration
HPRegen  0.09/turn              (no ring)
MPRegen  0.41/turn              (no ring)

@: no status effects
A: magic regeneration, demonic magic 1
a: no special abilities


You were on level 2 of the Dungeon.
You visited 1 branch of the dungeon, and saw 2 of its levels.

You collected 73 gold pieces.
You spent 36 gold pieces at shops.

Inventory:

Missiles
 c - 3 throwing nets (quivered)
Armour
 a - a +0 leather armour (worn)
 b - a +0 helmet (worn)
Jewellery
 i - an amulet of magic regeneration (around neck)
Scrolls
 d - a scroll of teleportation {unknown}
 h - 3 scrolls of identify {unknown}
 j - a scroll of brand weapon {unknown}
Potions
 e - a potion of heal wounds {unknown}
 f - a potion of lignification {unknown}
 g - a potion of attraction {unknown}


   Skills:
 + Level 2.6 Fighting
 - Level 1.7 Throwing
 + Level 3.1 Dodging
 * Level 3.6 Unarmed Combat


You had 2 spell levels left.
You didn't know any spells.
Your spell library was empty.

Dungeon Overview and Level Annotations

Branches:
Dungeon (2/15)

Altars:

Shops:
D:1 *


Innate Abilities, Weirdness & Mutations

You regenerate magic rapidly.
Spells you cast may paralyse adjacent enemies.


Message History

You climb upwards.
There is a stone staircase leading down, spattered with blood here.
You are too injured to fight recklessly!
You are too injured to fight recklessly!
You are too injured to fight recklessly!
You are too injured to fight recklessly!
You hit the gnoll.
The gnoll is moderately wounded.
The gnoll hits you with a +0 club.
You hit the gnoll but do no damage.
The gnoll is moderately wounded.
The gnoll hits you with a +0 club!
* * * LOW HITPOINT WARNING * * *
You hit the gnoll.
The gnoll is severely wounded.
You hit the gnoll.
You kill the gnoll!
You see here a +0 club.
You start resting.
HP restored.
There is a stone staircase leading down, spattered with blood here.
You climb downwards.
The gnoll misses you.
There is a stone staircase leading up, spattered with blood here.
The gnoll hits you with a +0 spear!
You hit the gnoll but do no damage. The gnoll hits you with a +0 spear.
You are too injured to fight recklessly!
You are too injured to fight recklessly!
You are too injured to fight recklessly!
You are too injured to fight recklessly!
You are too injured to fight recklessly!
You are too injured to fight recklessly!
You barely miss the gnoll. The gnoll hits you with a +0 spear.
You are too injured to fight recklessly!
You are too injured to fight recklessly!
You barely miss the gnoll. The gnoll hits you with a +0 spear!
* * * LOW HITPOINT WARNING * * *
You hit the gnoll.
The gnoll is lightly wounded.
The gnoll hits you with a +0 spear.
You die...

#.. #.# ... #.#
##.# #..# #g.##
#..# #.@.#######..#
#.#<....##...#
#.#####.# ...# #.
#.# ... #. #.# #.#
#.#####.###.#
...........<#######
#.###..............
#.##.....##.#######


You could see a gnoll.

Vanquished Creatures
  2 gnolls (D:1)
  2 ball pythons (D:1)
  3 bats (D:1)
  4 endoplasms
  2 giant cockroaches
  3 hobgoblins (D:1)
  6 jackals
  A quokka (D:2)
  A frilled lizard (D:1)
  6 goblins (D:1)
  4 kobolds
  3 rats (D:1)
37 creatures vanquished.

Vanquished Creatures (others)
  A fungus (D:1)
  A plant (D:1)
2 creatures vanquished.

Grand Total: 39 creatures vanquished

Notes
Turn   | Place    | Note
-------+----------+-------------------------------------------
     0 | D:1      | kae the Demonspawn Gladiator began the quest for the Orb.
     0 | D:1      | Reached XP level 1. HP: 16/16 MP: 1/1
   248 | D:1      | Gained mutation: You regenerate magic rapidly. [demonic
                  | ancestry]
   248 | D:1      | Reached XP level 2. HP: 19/22 MP: 2/2
   506 | D:1      | Found Wixeps's Assorted Antiques.
   538 | D:1      | Bought a bubbling blue potion for 18 gold pieces
   538 | D:1      | Bought a smoky silvery potion for 18 gold pieces
   829 | D:1      | Found a faded altar of an unknown god.
   850 | D:1      | Gained mutation: Spells you cast may paralyse adjacent
                  | enemies. [demonic ancestry]
   850 | D:1      | Reached XP level 3. HP: 28/28 MP: 3/3
  1880 | D:2      | Slain by a gnoll

Illustrated notes

Levels and vault maps discovered:
D:1:      sevenhm_arrival_forest_fort_small_5, layout_rooms,
          shapermc_ecumenical_altar_gd, serial_shops, shop
D:2:      layout_loops_ring, minmay_increasing_density

Skill      XL: |  1  2 |
---------------+-------+-----
Unarmed Combat | 3 |  3.6
Dodging        | 3 |  3.1
Fighting       | |  2.6
Throwing       | |  1.7

Action                   || total
-------------------------++-------
Melee: Unarmed           ||   149
       Punch             ||     4
 Stab: Sleeping          ||     1
Armor: Leather armour    ||    46
Dodge: Dodged            ||    94

Table legend: (Time is in decaauts)
 A = Elapsed time spent in this place.
 B = Non-inter-level travel time spent in this place.
 C = Inter-level travel time spent in this place.
 D = Time resting spent in this place.
 E = Time spent auto-exploring this place.
 F = Levels seen in this place.
 G = Mean time per level.
                   A        B        C        D        E       F      G
               +--------+--------+--------+--------+--------+-----+--------+
         Total |   1883 |   1855 |     28 |    594 |   1005 |   2 |  941.5 |
       Dungeon |   1883 |   1855 |     28 |    594 |   1005 |   2 |  941.5 |
               +--------+--------+--------+--------+--------+-----+--------+

Top non-repeatable levels by time:
     D:1: 1748 daAuts
     D:2: 135 daAuts
